 Dungeon Crawl Stone Soup version 0.18.1-50-g88ac8fd (webtiles) character file.

597 ololoev the Thaumaturge (level 7, -2/36 HPs)
             Began as a Deep Elf Earth Elementalist on Dec 5, 2016.
             Slain by an ogre
             ... wielding a +0 giant club
              (11 damage)
             ... on level 7 of the Dungeon.
             The game lasted 00:09:11 (1107 turns).

ololoev the Thaumaturge (DEEE)                      Turns: 1107, Time: 00:09:12

Health: -2/36      AC:  2    Str:  5    XL:     7   Next: 17%
Magic:  3/20       EV: 13    Int: 22    God:
Gold:   119        SH:  0    Dex: 15    Spells: 3 memorised, 16 levels left

rFire  . . .     SeeInvis .     a - +0 dagger
rCold  . . .     Gourm    .     n - +0 robe
rNeg   . . .     Faith    .     (no shield)
rPois  .         Spirit   .     (no helmet)
rElec  .         Dismiss  .     (no cloak)
rCorr  .         Reflect  .     (no gloves)
SustAt .         Harm     .     (no boots)
MR     .....                    (no amulet)
Stlth  ++........               (no ring)
                                (no ring)

@: not resistant to hostile enchantments, unstealthy
A: no striking features
a: no special abilities

Inventory:

Hand Weapons
 a - a +0 dagger (weapon)
Armour
 n - a +0 robe (worn)
Wands
 j - a wand of paralysis (0/24)
 m - a wand of disintegration (4/24)
Scrolls
 g - 2 scrolls of fear {unknown}
 l - a scroll of identify {unknown}
Potions
 b - a potion of invisibility {unknown}
 e - a potion of curing
 i - a potion of heal wounds {unknown}
 k - a potion of mutation {unknown}
Books
 c - a book of Geomancy

   Spells                             Type                      Level
   a - Sandblast                      Earth                        1
   b - Passwall                       Transmutation/Earth          2
   c - Stone Arrow                    Conjuration/Earth            3
   d - Petrify                        Transmutation/Earth          4
   e - Lee's Rapid Deconstruction     Earth                        5
Comestibles
 d - 3 bread rations
 f - a royal jelly
 h - 2 meat rations


   Skills:
 - Level 2.4 Dodging
 - Level 2.4 Stealth
 * Level 8.0 Spellcasting
 + Level 3.1 Conjurations
 - Level 1.1 Transmutations
 + Level 5.5 Earth Magic


You had 16 spell levels left.
You knew the following spells:

 Your Spells              Type           Power        Failure   Level  Hunger
a - Sandblast             Erth           ####..       1%          1    None
b - Stone Arrow           Conj/Erth      ####..       4%          3    None
w - Passwall              Trmt/Erth      ###.......   3%          2    None


You were on level 7 of the Dungeon.
You were hungry.

You visited 1 branch of the dungeon, and saw 7 of its levels.

You collected 119 gold pieces.

..... #.####..### #...## #...#
#.##......# #.#..# #...#
######.......#.### #....# #...#
#................###.##.# #...#
#.####.####.####.).#..<..
##.>.####.##...##....)##...####.#
.........(...(.#.......#...# #.#
...............#.......#...# #.#
..........s....O@.._.......# #..
##...########..#.......#...# ###
#...# #..#.......#...# #.#.#
#..##.....##.### #...#
##.####.####.# #...#
#...........# #...# ##........###
#...# ####.......# ##.#.....#
#.....#.#

Notes
Turn   | Place    | Note
--------------------------------------------------------------
     0 | D:1      | ololoev the Deep Elf Earth Elementalist began the quest for the Orb.
     0 | D:1      | Reached XP level 1. HP: 10/10 MP: 6/6
   204 | D:2      | Reached XP level 2. HP: 15/15 MP: 6/8
   212 | D:2      | Learned a level 2 spell: Passwall
   225 | D:2      | Reached skill level 4 in Spellcasting
   347 | D:4      | Noticed ololoev's ghost (amateur DEEE)
   454 | D:4      | Killed ololoev's ghost
   454 | D:4      | Reached skill level 5 in Spellcasting
   454 | D:4      | Reached XP level 3. HP: 12/19 MP: 9/11
   454 | D:4      | Reached XP level 4. HP: 15/24 MP: 10/13
   464 | D:4      | Learned a level 3 spell: Stone Arrow
   567 | D:4      | Noticed an ogre
   571 | D:4      | Reached skill level 6 in Spellcasting
   571 | D:4      | Reached skill level 1 in Conjurations
   571 | D:4      | Reached XP level 5. HP: 26/28 MP: 0/15
   592 | D:4      | Killed an ogre
   646 | D:5      | Entered Level 5 of the Dungeon
   731 | D:6      | Reached XP level 6. HP: 32/32 MP: 7/17
   740 | D:6      | Reached skill level 7 in Spellcasting
   790 | D:6      | Found a shadowy altar of Dithmenos.
   829 | D:6      | Reached skill level 5 in Earth Magic
   988 | D:7      | Found a blossoming altar of Fedhas.
  1087 | D:7      | Reached XP level 7. HP: 23/36 MP: 1/20
  1104 | D:7      | Reached skill level 8 in Spellcasting
  1107 | D:7      | Slain by an ogre

Dungeon Overview and Level Annotations

Branches:
Dungeon (7/15)
 Temple: D:4-7

Altars:
Dithmenos
Fedhas


Message History

The giant frog skeleton hits you but does no damage.
Drink which item? (? for menu, Esc to quit)
It was a potion of curing.
You feel better.
The giant frog skeleton closely misses you.
Evoke which item? (* to show all) (? for menu, Esc to quit)
Zapping:
j - a wand of paralysis {zapped: 9} (will waste charges)
Press: ? - help, Shift-Dir - straight line, f/p - giant frog skeleton
Aim: a giant frog skeleton (chance to defeat MR: 79%)
The giant frog skeleton suddenly stops moving!
Evoking this partially-identified wand wasted a few charges.
a - a +0 dagger (weapon)
The helpless giant frog skeleton fails to defend itself.
You puncture the giant frog skeleton!
The helpless giant frog skeleton fails to defend itself.
You puncture the giant frog skeleton!
The helpless giant frog skeleton fails to defend itself.
You puncture the giant frog skeleton!
You destroy the giant frog skeleton!
Your Conjurations skill increases to level 3!
You have reached level 7!
Casting: Sandblast
Confirm with . or Enter, or press ? or * to list all spells.
Aiming: Sandblast
Press: ? - help, Shift-Dir - straight line, f - jelly
Aim: a jelly (almost dead)
The blast of sand hits the jelly.
You kill the jelly!
An ogre comes into view. It is wielding a giant club.
The ogre shouts!
Evoke which item? (* to show all) (? for menu, Esc to quit)
Zapping:
j - a wand of paralysis {zapped: 11} (will waste charges)
Press: ? - help, Shift-Dir - straight line, f - giant frog zombie
Aim: a giant frog zombie (chance to defeat MR: 79%)
The giant frog zombie resists with significant effort.
Evoking this partially-identified wand wasted a few charges.
The giant frog zombie hits you.
Evoke which item? (* to show all) (? for menu, Esc to quit)
Zapping:
j - a wand of paralysis {zapped: 14} (will waste charges)
Press: ? - help, Shift-Dir - straight line, f/p - giant frog zombie
Aim: a giant frog zombie (chance to defeat MR: 79%)
The giant frog zombie resists with significant effort.
Evoking this partially-identified wand wasted a few charges.
The giant frog zombie hits you but does no damage.
Evoke which item? (* to show all) (? for menu, Esc to quit)
Zapping:
j - a wand of paralysis {zapped: 16} (will waste charges)
Press: ? - help, Shift-Dir - straight line, f/p - giant frog zombie
Aim: a giant frog zombie (chance to defeat MR: 79%)
The giant frog zombie suddenly stops moving!
Evoking this partially-identified wand wasted a few charges.
The helpless giant frog zombie fails to defend itself.
You puncture the giant frog zombie!
The helpless giant frog zombie fails to defend itself.
You puncture the giant frog zombie!
The helpless giant frog zombie fails to defend itself.
You puncture the giant frog zombie!
The helpless giant frog zombie fails to defend itself.
You puncture the giant frog zombie!
You destroy the giant frog zombie!
Your Spellcasting skill increases to level 8!
Evoke which item? (* to show all) (? for menu, Esc to quit)
Zapping:
j - a wand of paralysis {zapped: 19} (will waste charges)
Press: ? - help, Shift-Dir - straight line, f - ogre
Aim: an ogre, wielding a giant club (chance to defeat MR: 46%) Nothing appears to happen.
The ogre closely misses you.
Evoke which item? (* to show all) (? for menu, Esc to quit)
Zapping:
m - a wand of disintegration (will waste charges)
Press: ? - help, Shift-Dir - straight line, f/p - ogre
Aim: an ogre, wielding a giant club (chance to defeat MR: 65%)
The ogre is blasted.
Evoking this partially-identified wand wasted a few charges.
The ogre hits you with a giant club!
A giant cockroach comes into view.
Evoke which item? (* to show all) (? for menu, Esc to quit)
Zapping:
m - a wand of disintegration {zapped: 3} (will waste charges)
Press: ? - help, Shift-Dir - straight line, f/p - ogre
Aim: an ogre, wielding a giant club (severely wounded, chance to defeat MR: 65%)
The ogre struggles to resist.
Evoking this partially-identified wand wasted a few charges.
The ogre hits you with a giant club!
You die...

You could see an ogre and a giant cockroach.

Vanquished Creatures
  An ogre (D:4)
  The ghost of ololoev the Magician, an amateur DEEE (D:4)
  3 howler monkeys
  A crimson imp (D:6)
  A hound (D:6)
  A giant frog zombie (D:7)
  An orc priest (D:6)
  A jelly (D:7)
  A giant frog skeleton (D:7)
  2 orc wizards (D:6)
  A gnoll (D:4)
  4 adders
  An adder skeleton (D:7)
  A worm (D:3)
  A dart slug (D:4)
  4 giant geckos
  6 orcs
  A giant cockroach (D:3)
  3 goblins
  A hobgoblin (D:1)
  2 quokkas
  A ball python (D:5)
  A bat (D:1)
  2 giant newts
  2 kobolds
  A rat (D:1)
45 creatures vanquished.

Action                   |  1- 3 |  4- 6 |  7- 9 || total
-------------------------+-------+-------+-------++-------
Melee: Dagger            |     4 |    23 |     4 ||    31
 Cast: Sandblast         |    22 |    33 |     1 ||    56
       Passwall          |     1 |       |       ||     1
       Stone Arrow       |       |    17 |       ||    17
Evoke: Wand              |     2 |     3 |     5 ||    10
  Use: Potion            |       |     1 |       ||     1
 Stab: Paralysed         |     4 |     7 |     4 ||    15
       Distracted        |       |     1 |       ||     1
Armor: Robe              |     1 |     7 |     1 ||     9
Dodge: Dodged            |     9 |    29 |     1 ||    39

Vault maps used:
D:1:      co_arrival_random_square_maze, serial_park_tiny_2, minivault_11,
          minmay_misc_feat_enclosed, st_stairs_9
D:3:      first_bread
D:4:      okawaru_metal_pillars_1_2, gammafunk_pakellas_cloud_experiment,
          minmay_temple_entry_grid
D:5:      serial_shops, kennysheep_mini_moat, amalloy_card_club
D:6:      minitemple, grunt_dithmenos_smoke_and_mirrors
D:7:      old_standard_altar
